 Dungeon Crawl Stone Soup version 0.27.1-2-g3b301248ec (webtiles) character file.

Game seed: 7140828892817363799

4 Descartes the Grasshopper (level 1, 0/10 HPs)
             Began as a Spriggan Warper on Oct 2, 2021.
             Slain by a quokka (2 damage)
             ... on level 1 of the Dungeon.
             The game lasted 00:00:34 (490 turns).

Descartes the Grasshopper (Spriggan Warper)          Turns: 490, Time: 00:00:34

Health: 0/10       AC:  2    Str:  7    XL:     1   Next: 50%
Magic:  5/5        EV: 17    Int: 14    God:
Gold:   8          SH:  0    Dex: 14    Spells: 5/5 levels left

rFire    . . .     SeeInvis +   a - +0 short sword
rCold    . . .     Faith    .   (shield restricted)
rNeg     . . .     Spirit   .   b - +0 robe
rPois    .         Reflect  .   (helmet restricted)
rElec    .         Harm     .   (no cloak)
rCorr    .         Rampage  .   (gloves unavailable)
Will     .....                  (boots unavailable)
Stlth    +.........             (no amulet)
HPRegen  0.03/turn              (no ring)
MPRegen  0.09/turn              (no ring)

@: very quick
A: very small, no large weapons, unfitting armour, see invisible, speed 3
a: no special abilities


You were on level 1 of the Dungeon.
You visited 1 branch of the dungeon, and saw 1 of its levels.

You collected 8 gold pieces.

Inventory:

Hand Weapons
 a - a +0 short sword (weapon)
Missiles
 d - 5 boomerangs of dispersal (quivered)
 e - 16 sling bullets
 f - 16 stones
Armour
 b - a +0 robe (worn)
Scrolls
 c - a scroll of blinking


   Skills:
 - Level 1.5 Fighting
 - Level 2.1 Short Blades
 - Level 1.0 Throwing
 - Level 3.2 Dodging
 + Level 0.4 Stealth
 - Level 2.8 Spellcasting
 - Level 4.5 Translocations


You had 5 spell levels left.
You didn't know any spells.
Your spell library contained the following spells:

 Spells                   Type           Power      Damage    Failure   Level
 Blink                    Tloc           N/A        N/A       4%          2
 Gell's Gravitas          Tloc           7%         N/A       10%         3
 Lesser Beckoning         Tloc           7%         N/A       10%         3
 Teleport Other           Tloc           14%        N/A       10%         3
 Manifold Assault         Tloc           14%        N/A       67%         5


Dungeon Overview and Level Annotations

Branches:
Dungeon (1/15)

Altars:


Innate Abilities, Weirdness & Mutations

You are very small and have problems with some larger weapons.
You are too small for most types of armour.
You have supernaturally acute eyesight. (SInv)
You cover ground extremely quickly. (Speed+++)


Message History

You see here 16 sling bullets.
e - 16 sling bullets You see here 16 stones.
f - 16 stones
Found a stone staircase leading down.
A quokka comes into view.
Found 22 arrows.
The quokka completely misses you.
You hit the quokka but do no damage. The quokka closely misses you.
You hit the quokka but do no damage. The quokka barely misses you.
The quokka completely misses you.
You closely miss the quokka.
The quokka twitches its whiskers.
The quokka closely misses you.
You hit the quokka but do no damage.
The quokka bites you but does no damage.
You barely miss the quokka. The quokka misses you.
You hit the quokka.
The quokka is lightly wounded.
The quokka closely misses you.
You hit the quokka but do no damage.
The quokka is lightly wounded.
The quokka bites you. x2
Ouch! That really hurt!
* * * LOW HITPOINT WARNING * * *
You are too injured to fight recklessly!
You are too injured to fight recklessly!
You are too injured to fight recklessly!
You are too injured to fight recklessly!
You are too injured to fight recklessly!
You are too injured to fight recklessly!
You are too injured to fight recklessly!
You are too injured to fight recklessly!
You hit the quokka.
The quokka is moderately wounded.
The quokka misses you.
You closely miss the quokka.
The quokka is moderately wounded.
The quokka bites you.
You die...

#.# #.#.##.#.#
##.####.#.##.#.###
#>................
#..##.#.#.........
#.................
##.##.#.##.#.##.#.
#.##.#.##.#.##.#.
...#####.##.#.##.#.##...
#(...r@.#.......#.####.
#####.........###......
#.........+........
#.........###......
#..#+#.............# ...
#.#.#.....###.# .##.
#.#.#.#### #.# ..
#+#+#+# #.+ ###


You could see a quokka.

Vanquished Creatures
  An endoplasm (D:1)
  A hobgoblin (D:1)
  A ball python (D:1)
  A frilled lizard (D:1)
4 creatures vanquished.

Notes
Turn   | Place    | Note
-------+----------+-------------------------------------------
     0 | D:1      | Descartes the Spriggan Warper began the quest for the Orb.
     0 | D:1      | Reached XP level 1. HP: 10/10 MP: 5/5
   490 | D:1      | Slain by a quokka

Illustrated notes

Levels and vault maps discovered:
D:1:      lemuel_arrival_room, layout_basic, chequers_serial_rivers_micro_c

Action                   || total
-------------------------++-------
Melee: Short sword       ||    22
Armor: Robe              ||     3
Dodge: Dodged            ||    15
